 Dungeon Crawl Stone Soup version 0.28-a0-1074-g3cb2360906 (webtiles) character file.

Game seed: 10996449882770910378

2 Doot the Skirmisher (level 1, -4/18 HPs)
             Began as a Demonspawn Cinder Acolyte on Dec 9, 2021.
             Was a High Priest of Ignis.
             Slain by a gnoll (13 damage)
             ... on level 2 of the Dungeon.
             The game lasted 00:01:34 (121 turns).

Doot the Skirmisher (Demonspawn Cinder Acolyte)      Turns: 121, Time: 00:01:34

Health: -4/18      AC:  2    Str: 14    XL:     1   Next: 33%
Magic:  2/2        EV: 11    Int: 15    God:    Ignis [*****.]
Gold:   11         SH:  0    Dex:  8    Spells: 2/2 levels left

rFire   + . .      SeeInvis .   a - -1 falchion (flame)
rCold   . . .      Faith    .   (no shield)
rNeg    . . .      Spirit   .   b - +0 robe
rPois   .          Reflect  .   (no helmet)
rElec   .          Harm     .   (no cloak)
rCorr   .          Rampage  .   (no gloves)
Will    .....                   (no boots)
Stlth   +.........              (no amulet)
HPRegen 0.06/turn               (no ring)
MPRegen 0.08/turn               (no ring)

@: rising, flying
A: no striking features
a: Renounce Religion, Fiery Armour, Foxfire Swarm


You were on level 2 of the Dungeon.
You worshipped Ignis.
Ignis was extremely pleased with you.
You visited 1 branch of the dungeon, and saw 2 of its levels.

You collected 11 gold pieces.

Inventory:

Hand Weapons
 a - a -1 falchion of flaming (weapon)
Armour
 b - a +0 robe (worn)
Scrolls
 e - a scroll of enchant armour {unknown}
Potions
 c - a potion of berserk rage {unknown}
 d - a potion of attraction {unknown}


   Skills:
 + Level 3.0 Fighting
 + Level 2.7 Long Blades
 + Level 1.0 Spellcasting
 + Level 2.8 Fire Magic


You had 2 spell levels left.
You didn't know any spells.
Your spell library contained the following spells:

 Spells                   Type           Power      Damage    Failure   Level
 Scorch                   Fire           18%        2d5       12%         2


Dungeon Overview and Level Annotations

Branches:
Dungeon (2/15)

Altars:


Message History

A rat comes into view.
You see here a sedimented blue potion.
You hit the rat but do no damage. The rat closely misses you.
You hit the rat. You burn the rat.
You kill the rat!
c - a pink potion
d - a sedimented blue potion
e - a scroll labelled IDOTYU CUCE You now have 11 gold pieces.
Found a stone staircase leading down.
There is a stone staircase leading down here.
A rat comes into view.
Found 16 gold pieces.
There is a stone staircase leading down here.
You climb downwards.
The endoplasm quivers.
The goblin shouts!
You hear a shout!
Found 12 gold pieces.
There is a stone staircase leading up here.
Found a lumpy silvery potion.
You barely miss the goblin. The goblin hits you but does no damage.
You hit the goblin. You burn the goblin.
You kill the goblin!
You hit the endoplasm. You burn the endoplasm.
The endoplasm is moderately wounded.
The endoplasm misses you.
You hit the endoplasm but do no damage.
The endoplasm is moderately wounded.
The endoplasm barely misses you.
You slash the endoplasm! You burn the endoplasm.
You kill the endoplasm!
A gnoll comes into view. It is wielding a +0 flail.
A rat and a gnoll come into view.
The gnoll shouts!
The gnoll hits you with a +0 flail!
Ouch! That really hurt!
You begin to rise into the air.
You closely miss the gnoll. The gnoll hits you with a +0 flail!
Ouch! That really hurt!
You die...

#.....### ..
#.......##..
##...........
#.........r..
#............
#...........r
#.....g..$...
#...g.....!..
##..@.......#
##.........##
#.<........#
#...)......#
#..........#
#..........#
#..........#
##........##
##......##


You could see 2 gnolls and a rat.

Vanquished Creatures
  An endoplasm (D:2)
  A goblin (D:2)
  A rat (D:1)
3 creatures vanquished.

Notes
Turn   | Place    | Note
-------+----------+-------------------------------------------
     0 | D:1      | Doot the Demonspawn Cinder Acolyte began the quest for the
                  | Orb.
     0 | D:1      | Reached XP level 1. HP: 18/18 MP: 2/2
   121 | D:2      | Slain by a gnoll

Illustrated notes

Levels and vault maps discovered:
D:1:      scummos_arrival_checkerplants, layout_loops_ring, serial_shops,
          shop_statue, ebering_ecumenical_altar_sacrificial, serial_bayou_ford_a
D:2:      layout_rooms, feat_on_display

Action                   || total
-------------------------++-------
Melee: Falchion          ||     8
Invok: Rising Flame      ||     1
Armor: Robe              ||     1
Dodge: Dodged            ||     3

Table legend: (Time is in decaauts)
 A = Elapsed time spent in this place.
 B = Non-inter-level travel time spent in this place.
 C = Inter-level travel time spent in this place.
 D = Time resting spent in this place.
 E = Time spent auto-exploring this place.
 F = Levels seen in this place.
 G = Mean time per level.
                   A        B        C        D        E       F      G
               +--------+--------+--------+--------+--------+-----+--------+
         Total |    122 |    122 |      0 |      0 |     68 |   2 |   61.0 |
       Dungeon |    122 |    122 |      0 |      0 |     68 |   2 |   61.0 |
               +--------+--------+--------+--------+--------+-----+--------+

Top non-repeatable levels by time:
     D:1: 106 daAuts
     D:2: 15 daAuts
